 Dungeon Crawl Stone Soup version 0.25.1-8-g42b30a86e7 (webtiles) character file.

Game seed: 10421393463081107916

59614 melloss the Unseen (level 14, -2/70 HPs)
             Began as a Spriggan Enchanter on Dec 11, 2020.
             Was the Champion of Kikubaaqudgha.
             Killed from afar by Azrael (24 damage)
             ... with damnation
             ... on level 13 of the Dungeon on Dec 21, 2020.
             The game lasted 02:18:07 (25686 turns).

melloss the Unseen (Spriggan Enchanter)            Turns: 25686, Time: 02:18:07

Health: -2/70      AC:  7    Str:  4    XL:     14   Next: 53%
Magic:  18/24      EV: 29    Int: 18    God:    Kikubaaqudgha [******]
Gold:   814        SH:  7    Dex: 20    Spells: 20/25 levels left

rFire    . . .     SeeInvis +   S - +6 dagger (pain)
rCold    . . .     Gourm    .   G - +1 buckler
rNeg     . . .     Faith    .   Q - +2 troll leather armour
rPois    .         Spirit   .   (helmet restricted)
rElec    .         Reflect  .   t - +0 cloak
rCorr    .         Harm     .   (gloves unavailable)
MR       ++...                  (boots unavailable)
Stlth    ++++++....             K - amulet of regeneration
HPRegen  1.01/turn              g - ring of wizardry
MPRegen  0.19/turn              q - +4 ring of slaying

@: very quick
A: very small, unfitting armour, see invisible, herbivore, speed 3, slow
metabolism 2
a: Receive Corpses, Torment, Renounce Religion


You were on level 13 of the Dungeon.
You worshipped Kikubaaqudgha.
Kikubaaqudgha was exalted by your worship.
You were not hungry.

You visited 3 branches of the dungeon, and saw 20 of its levels.

You collected 1613 gold pieces.
You spent 799 gold pieces at shops.

Inventory:

Hand Weapons
 a - the +9 short sword of War {vamp, Dex+6}
   (You found it on level 8 of the Dungeon)

   It inflicts no extra harm, but heals its wielder when it wounds a living foe.
   It affects your dexterity (+6).
 n - a +2 short sword of electrocution
 o - a +3 short sword of flaming
 x - a +0 rapier of protection
 J - a +1 dagger of freezing
 S - a +6 dagger of pain (weapon)
 T - the +3 short sword of Quantum Leap {chaos, Int+5}
   (You took it off a big kobold on level 8 of the Dungeon)

   Each time it hits an enemy it has a different, random effect.
   It affects your intelligence (+5).
 X - the +6 war axe of Hubris {antimagic, rF+ rN+ Int+2 Dex-3}
   (You found it on level 12 of the Dungeon)

   It reduces the magical energy of the wielder, and disrupts the spells and
   magical abilities of those hit.
   Natural abilities and divine invocations are not affected.
   It affects your intelligence (+2).
   It affects your dexterity (-3).
   It protects you from fire.
   It protects you from negative energy.
Missiles
 u - 8 curare-tipped darts (quivered)
Armour
 t - a +0 cloak (worn)
 G - a +1 buckler (worn)
 Q - a +2 troll leather armour (worn)
Jewellery
 g - a ring of wizardry (left hand)
 k - an uncursed ring of fire
 q - a +4 ring of slaying (right hand)
 K - an amulet of regeneration (around neck)
 L - an uncursed ring of resist corrosion
 M - the ring of Perfectionism {rN+ Str+2 SInv}
   (You found it on level 8 of the Dungeon)

   [ring of positive energy]

   It affects your strength (+2).
   It protects you from negative energy.
   It lets you see invisible.
 P - a +4 ring of protection
 V - an uncursed ring of flight
 Z - an uncursed ring of protection from magic {unknown}
Wands
 b - a wand of disintegration (9)
 i - a wand of digging (10)
 p - a wand of clouds (13)
 s - a wand of enslavement (10)
 B - a wand of paralysis (5)
 D - a wand of iceblast (9)
 E - a wand of random effects (44)
 I - a wand of polymorph (6)
 N - a wand of acid (12)
 U - a wand of flame (70)
Scrolls
 c - a scroll of fog
 e - 7 scrolls of teleportation
 j - 5 scrolls of enchant weapon
 v - 4 scrolls of amnesia
 w - 3 scrolls of fear
 y - 10 scrolls of remove curse
 z - a scroll of immolation
 A - 6 scrolls of blinking
Potions
 f - 8 potions of might
 h - a potion of curing
 l - 3 potions of heal wounds
 m - a potion of stabbing
 r - 2 potions of ambrosia
 C - 3 potions of resistance
 F - 2 potions of berserk rage
 H - 2 potions of lignification {unknown}
 O - 2 potions of flight {unknown}
 R - a potion of mutation {unknown}
 W - a potion of degeneration {unknown}
 Y - 3 potions of haste
Comestibles
 d - 18 rations


   Skills:
 * Level 6.5 Fighting
 - Level 10.0 Short Blades
 - Level 15.0 Dodging
 + Level 15.2 Stealth
 - Level 6.0 Spellcasting
 - Level 10.0 Hexes
 - Level 12.9 Necromancy
 - Level 5.0 Ice Magic
 + Level 2.4 Evocations


You had 20 spell levels left.
You knew the following spells:

 Your Spells              Type           Power        Failure   Level  Hunger
a - Corona                Hex            #####..      1%          1    None
b - Ensorcelled Hibernat  Hex/Ice        ####..       1%          2    None
c - Shock                 Conj/Air       #...         14%         1    None
d - Sting                 Tmut/Pois      #...         14%         1    None

Your spell library contained the following spells:

 Spells                   Type           Power        Failure   Level  Hunger
 Animate Skeleton         Necr           N/A          1%          1    None
 Pain                     Necr           ####         1%          1    None
 Corpse Rot               Necr/Air       N/A          1%          2    None
 Sublimation of Blood     Necr           ######....   1%          2    None
 Confusing Touch          Hex            #####...     1%          3    ##.....
 Tukima's Dance           Hex            #####...     1%          3    ##.....
 Vampiric Draining        Necr           ######....   1%          3    ##.....
 Animate Dead             Necr           N/A          1%          4    ####...
 Dispel Undead            Necr           ######..     1%          4    ####...
 Agony                    Necr           ######..     1%          5    #####..
 Cause Fear               Hex            #####.....   2%          4    ####...
 Dazzling Flash           Conj/Hex       ###...       6%          3    ##.....
 Apportation              Tloc           #.....       14%         1    None
 Foxfire                  Conj/Fire      #...         14%         1    None
 Summon Small Mammal      Summ           #...         14%         1    None
 Swiftness                Chrm/Air       #.......     21%         2    None
 Excruciating Wounds      Chrm/Necr      ####......   26%         5    #####..
 Static Discharge         Conj/Air       #.......     38%         3    ##.....
 Silence                  Hex/Air        ###.......   43%         5    #####..
 Yara's Violent Unravell  Hex/Tmut       ###.......   43%         5    #####..
 Simulacrum               Ice/Necr       #####.....   45%         6    #######
 Airstrike                Air            #.........   77%         4    ####...
 Sticky Flame             Conj/Fire      #.......     77%         4    ####...
 Lightning Bolt           Conj/Air       #.........   98%         5    #####..
 Discord                  Hex            #####.....   100%        8    #######


Dungeon Overview and Level Annotations

Branches:
Dungeon (13/15)            Temple (1/1) D:5            Lair (6/6) D:9
  Swamp (0/4) Lair:4        Snake (0/4) Lair:3        Slime (0/5) Lair:5
    Orc (0/2) D:12
 Vaults: D:13-14

Altars:
Ashenzari
Cheibriados
Dithmenos
Elyvilon
Fedhas
Gozag
Hepliaklqana
Kikubaaqudgha
Makhleb
Nemelex Xobeh
Okawaru
Qazlal
Ru
Sif Muna
Trog
Uskayaw
Vehumet
Wu Jian
Xom
Yredelemnul
Zin
The Shining One
Jiyva

Shops:
D:4 *   D:9 !   D:10 *

Annotations:
D:3 Grinder
D:13 Azrael


Innate Abilities, Weirdness & Mutations

You are very small and have problems with some larger weapons.
You are too small for most types of armour.
You have supernaturally acute eyesight. (SInv)
You are a herbivore.
You cover ground extremely quickly.
You need to consume almost no food.


Message History

You hit the hell hound.
The hell hound is heavily wounded.
You closely miss the hell hound.
The hell hound is heavily wounded.
The hell hound misses you.
You hit the hell hound but do no damage.
The hell hound is heavily wounded.
The hell hound misses you.
You hit the hell hound.
The hell hound is heavily wounded.
The hell hound misses you.
You hit the hell hound.
The hell hound is severely wounded.
The hell hound breathes flames at you. The blast of flame hits you!
* * * LOW HITPOINT WARNING * * *
Azrael gestures at you.
The sphere of damnation explodes!
The damnation engulfs you!!
You die...
Kikubaaqudgha rasps: "You have failed me!
Welcome... death!"

#....#○○☼.○○...##..#
#...R#.............#
#.##○#.........#####
#...E#.........#####
#....#...hh........#
#....#..○.○...)##..#
#..h.+..EE°....#####
#....#.<.h.........#
#..@.#..°.°E..######
#...##......☼.#####
#.#.#..............#
#...#..............#
#...#..............#
#...#(.............#
#.#.#..............#
#...#..............#
#...#..............#


You could see Azrael, a fire elemental and a hell hound.

Vanquished Creatures
  6 dire elephants
  4 hydras
  Erica (D:10)
  A centaur warrior (D:8)
  An anaconda (Lair:6)
  2 two-headed ogres
  The ghost of ew1980 the Destroyer, a novice DrCj of Vehumet (D:8)
  2 unseen horrors
  Pikel (D:5)
  A deep elf mage (D:13)
  4 cyclopes
  An ugly thing (D:11)
  A manticore (D:13)
  3 centaur zombies
  8 elephants
  6 gargoyles
  6 black mambas
  8 spiny frogs
  Maggie (D:8)
  10 komodo dragons
  A kobold demonologist (D:8)
  A rime drake (Lair:5)
  6 trolls
  A hornet (D:9)
  Prince Ribbit (D:5)
  A polar bear (Lair:3)
  4 dream sheep (Lair:6)
  13 blink frogs
  10 hippogriffs
  3 slime creatures (D:13)
  A shadow (D:13)
  52 yaks
  2 wyverns
  2 basilisks
  Grum (D:9)
  A human (D:8)
  4 hogs (D:8)
  A steam dragon (Lair:3)
  3 hungry ghosts
  2 soldier ants
  An acid dragon (D:13)
  3 hell hounds
  Duvessa (D:5)
  5 sky beasts
  9 water moccasins
  5 black bears
  8 porcupines
  3 ice beasts
  A slave (D:5)
  10 orc warriors
  7 phantoms
  A necrophage (D:8)
  4 ogres
  13 wolves
  6 centaurs
  11 crocodiles
  10 big kobolds
  Blork the orc (D:5)
  12 bullfrogs
  A wyvern zombie (D:8)
  Dowan (D:5)
  A water moccasin zombie (D:6)
  A wyvern skeleton (D:9)
  8 wights (D:11)
  24 killer bees
  4 howler monkeys
  5 crimson imps
  A quasit (D:11)
  11 orc priests
  5 hounds
  2 jellies
  3 bullfrog skeletons
  11 orc wizards
  5 centaur skeletons
  Jessica (D:2)
  Ijyb (D:4)
  Terence (D:3)
  4 iguanas
  6 worker ants
  A killer bee zombie (D:8)
  3 hound skeletons
  A worker ant zombie (D:8)
  Robin (D:2)
  14 adders
  4 shadow imps
  An adder skeleton (D:8)
  3 worms
  3 dart slugs
  4 leopard geckos
  43 orcs
  5 giant cockroaches
  5 hobgoblins
  9 jackals
  11 kobolds
  6 quokkas
  A ball python (D:2)
  6 bats
  3 frilled lizards
  8 goblins
  A leopard gecko skeleton (D:6)
  2 leopard gecko zombies
  A quokka skeleton (D:6)
  5 rats
  A bush (D:11)
  3 plants (Lair:6)
530 creatures vanquished.

Vanquished Creatures (collateral kills)
  A plant (Lair:6)
1 creature vanquished.

Vanquished Creatures (others)
  A bullfrog skeleton (D:5)
  A bush (Lair:6)
  5 fungi
  11 plants
18 creatures vanquished.

Grand Total: 549 creatures vanquished

Notes
Turn   | Place    | Note
-------+----------+-------------------------------------------
     0 | D:1      | melloss the Spriggan Enchanter began the quest for the Orb.
     0 | D:1      | Reached XP level 1. HP: 9/9 MP: 5/5
   543 | D:1      | Reached XP level 2. HP: 8/13 MP: 4/6
   550 | D:1      | Reached skill level 5 in Stealth
  1516 | D:1      | Learned a level 2 spell: Ensorcelled Hibernation
  1829 | D:2      | Reached XP level 3. HP: 14/16 MP: 8/8
  1852 | D:2      | Found a sacrificial altar of Ru.
  2252 | D:2      | Noticed Jessica
  2296 | D:2      | Noticed Robin
  2484 | D:2      | Killed Robin
  2701 | D:2      | Killed Jessica
  2701 | D:2      | Reached XP level 4. HP: 21/21 MP: 6/9
  2836 | D:3      | Reached XP level 5. HP: 8/24 MP: 6/10
  3828 | D:3      | Noticed Terence
  3864 | D:3      | Noticed Grinder
  3870 | D:3      | Killed Terence
  3870 | D:3      | Reached XP level 6. HP: 20/28 MP: 8/11
  3886 | D:3      | HP: 1/28 [Grinder/puff of flame (3)]
  4246 | D:4      | Reached skill level 5 in Short Blades
  4418 | D:4      | Found Piukicus's Assorted Antiques.
  4677 | D:4      | Noticed Ijyb
  4898 | D:4      | Killed Ijyb
  5819 | D:5      | Entered Level 5 of the Dungeon
  5822 | D:5      | Noticed Prince Ribbit
  5829 | D:5      | Killed Prince Ribbit
  5829 | D:5      | Reached XP level 7. HP: 32/32 MP: 14/14
  5837 | D:5      | Noticed Pikel
  6190 | D:5      | Noticed Duvessa
  6197 | D:5      | Noticed Dowan
  6202 | D:5      | Killed Duvessa
  6205 | D:5      | Killed Dowan
  6596 | D:5      | Reached skill level 1 in Fighting
  6596 | D:5      | Reached XP level 8. HP: 37/37 MP: 12/15
  6598 | D:5      | Found a snail-covered altar of Cheibriados.
  6632 | D:5      | Noticed Blork the orc
  6636 | D:5      | Killed Blork the orc
  6718 | D:5      | Reached skill level 5 in Dodging
  6918 | D:5      | Killed Pikel
  7114 | D:5      | Found a staircase to the Ecumenical Temple.
  7120 | D:5      | You fall into a shaft and drop 1 floor!
  7227 | D:6      | Reached XP level 9. HP: 29/44 MP: 16/16
  7469 | Temple   | Entered the Ecumenical Temple
  7898 | Temple   | Became a worshipper of Kikubaaqudgha
  8142 | D:5      | Found a glowing golden altar of the Shining One.
  8231 | D:6      | Reached skill level 10 in Stealth
  9097 | D:7      | Reached * piety under Kikubaaqudgha
  9097 | D:7      | Identified Kikubaaqudgha's Tome of Black Rituals
                  | (Kikubaaqudgha gifted it to you on level 7 of the Dungeon)
  9097 | D:7      | Received a gift from Kikubaaqudgha
  9954 | D:8      | Reached skill level 1 in Ice Magic
 10012 | D:8      | Got a steaming glass ring
 10013 | D:8      | Identified the ring of Perfectionism {rN+ Str+2 SInv} (You
                  | found it on level 8 of the Dungeon)
 10039 | D:8      | Noticed a two-headed ogre
 10048 | D:8      | Killed a two-headed ogre
 10048 | D:8      | Reached XP level 10. HP: 49/49 MP: 10/18
 10207 | D:8      | Found a runed translucent gate.
 10221 | D:8      | Found a runed translucent gate.
 10227 | D:8      | Found a shimmering altar of Xom.
 10283 | D:8      | Reached skill level 5 in Spellcasting
 10728 | D:8      | Reached ** piety under Kikubaaqudgha
 10921 | D:8      | Noticed a centaur warrior
 10922 | D:8      | Noticed a cyclops
 10939 | D:8      | Killed a centaur warrior
 10952 | D:8      | Killed a cyclops
 10978 | D:8      | Got a fine short sword
 10979 | D:8      | Identified the +9 short sword of War {vamp, Dex+6} (You
                  | found it on level 8 of the Dungeon)
 11161 | D:8      | Noticed Maggie
 11166 | D:8      | Found a runed translucent gate.
 11167 | D:8      | Killed Maggie
 11168 | D:8      | Identified the +3 short sword of Quantum Leap {chaos,
                  | Int+5}
 11169 | D:8      | Noticed ew1980's ghost (novice DrCj)
 11238 | D:8      | Reached XP level 11. HP: 54/54 MP: 13/21
 11341 | D:8      | Killed ew1980's ghost
 11341 | D:8      | Reached skill level 5 in Ice Magic
 11564 | D:8      | Found a hazy altar of Hepliaklqana.
 11564 | D:8      | Found a radiant altar of Vehumet.
 11974 | D:9      | Reached skill level 5 in Fighting
 12195 | D:9      | Reached *** piety under Kikubaaqudgha
 12195 | D:9      | Identified Kikubaaqudgha's Catalogue of Dark Magic
                  | (Kikubaaqudgha gifted it to you on level 9 of the Dungeon)
 12195 | D:9      | Received a gift from Kikubaaqudgha
 12308 | D:9      | Reached skill level 10 in Hexes
 12579 | D:9      | Found a staircase to the Lair.
 12673 | D:9      | Noticed Grum
 12686 | D:9      | Killed Grum
 12838 | D:9      | Found Diusovio's Distillery.
 12868 | D:9      | Reached skill level 10 in Short Blades
 13022 | Lair:1   | Entered Level 1 of the Lair of Beasts
 13584 | Lair:1   | You fall into a shaft and drop 1 floor!
 14034 | Lair:2   | Noticed an eight-headed hydra
 14041 | Lair:2   | Killed an eight-headed hydra
 14165 | Lair:2   | Reached skill level 10 in Dodging
 14986 | Lair:3   | Reached skill level 1 in Necromancy
 14998 | Lair:3   | Reached XP level 12. HP: 61/61 MP: 3/22
 15323 | Lair:3   | Noticed a six-headed hydra
 15329 | Lair:3   | Killed a six-headed hydra
 15329 | Lair:3   | Reached **** piety under Kikubaaqudgha
 15342 | Lair:3   | Found a staircase to the Snake Pit.
 15599 | Lair:3   | Reached skill level 15 in Stealth
 15951 | Lair:4   | Found a staircase to the Swamp.
 16300 | Lair:4   | Noticed an eight-headed hydra
 16310 | Lair:4   | Killed an eight-headed hydra
 17015 | Lair:5   | Found a viscous altar of Jiyva.
 17016 | Lair:5   | Found a staircase to the Slime Pits.
 17181 | Lair:5   | Reached skill level 5 in Necromancy
 17183 | Lair:5   | Noticed a four-headed hydra
 17189 | Lair:5   | Killed a four-headed hydra
 17211 | Lair:5   | Got an ivory trident
 17271 | Lair:5   | Reached XP level 13. HP: 65/65 MP: 23/23
 17303 | Lair:5   | Reached skill level 15 in Dodging
 17971 | Lair:6   | Entered Level 6 of the Lair of Beasts
 18272 | Lair:6   | Noticed a dire elephant
 18272 | Lair:6   | Noticed a dire elephant
 18279 | Lair:6   | Noticed a dire elephant
 18289 | Lair:6   | Noticed a dire elephant
 18353 | Lair:6   | Noticed a dire elephant
 19093 | Lair:5   | Killed a dire elephant
 19207 | Lair:6   | Noticed a dire elephant
 19302 | Lair:6   | Killed a dire elephant
 19400 | Lair:6   | Killed a dire elephant
 19778 | Lair:6   | Learned a level 1 spell: Shock
 19874 | Lair:6   | Killed a dire elephant
 19874 | Lair:6   | Reached skill level 10 in Necromancy
 19971 | Lair:6   | Got a crude robe
 19982 | Lair:6   | Identified the +1 robe "Boargh" {Str+4} (You found it on
                  | level 6 of the Lair of Beasts)
 20240 | Lair:6   | Killed a dire elephant
 20662 | Lair:6   | Killed a dire elephant
 21047 | D:10     | Entered Level 10 of the Dungeon
 21193 | D:10     | Found Cuecest's General Store.
 21200 | D:10     | Bought the Papyrus of Venomous Heat for 799 gold pieces
 21202 | D:10     | Learned a level 1 spell: Sting
 21291 | D:10     | Noticed Erica
 21299 | D:10     | Killed Erica
 21299 | D:10     | Reached XP level 14. HP: 70/70 MP: 24/24
 21339 | D:10     | Identified the +4 trident "Eclofyip" {freeze, Int+10} (You
                  | found it on level 5 of the Lair of Beasts)
 21367 | D:10     | Reached ***** piety under Kikubaaqudgha
 22432 | D:11     | You fall into a shaft and drop 1 floor!
 22436 | D:12     | Found a staircase to the Orcish Mines.
 22486 | D:11     | Found a shimmering altar of Xom.
 23202 | D:12     | Got a translucent war axe
 23232 | D:12     | Found the +0 sword of Power
 23256 | D:11     | Identified the +6 war axe of Hubris {antimagic, rF+ rN+
                  | Int+2 Dex-3} (You found it on level 12 of the Dungeon)
 24459 | D:13     | Reached skill level 1 in Evocations
 24656 | D:13     | Reached ****** piety under Kikubaaqudgha
 24884 | Temple   | Identified a +6 dagger of pain (a +4 dagger of venom
                  | bloodied by Kikubaaqudgha)
 24884 | Temple   | Received a gift from Kikubaaqudgha
 25194 | D:13     | Noticed Azrael
 25686 | D:13     | Killed from afar by Azrael

Illustrated notes

Levels and vault maps discovered:
D:1:      tarquinn_simple_flora_water_d, layout_basic
D:2:      layout_loops_cross, marbit_many_paths, minivault_24, uniq_robin,
          uniq_jessica
D:3:      layout_loops_cross, first_ration, serial_glass, glass_columns_a,
          glass_columns_a, uniq_terence, uniq_grinder
D:4:      layout_loops_ring, serial_shops, nicolae_shop_behind_doors, uniq_ijyb
D:5:      layout_cave_pools, minmay_temple_entry_offerings, basic_altar,
          lightli_ossuary_entry_decrepit_ruins, tso_altar, uniq_duvessa,
          uniq_blork_the_orc, uniq_pikel, uniq_prince_ribbit1
D:6:      layout_rooms
D:7:      layout_basic
D:8:      layout_gridville, overflow_temple_1_default,
          gammafunk_temple_overflow_wave, gammafunk_ghost_nasty_kobolds,
          grunt_livestock, nicolae_sextant, minmay_pinched_square, uniq_maggie
D:9:      layout_basic, dpeg_oklobed_lair, serial_shops, kennysheep_mini_moat,
          uniq_grum
D:10:     layout_loops_ring, serial_shops, shop, uniq_erica
D:11:     layout_stronghold, basic_altar, minmay_hedge_maze
D:12:     layout_basic, david_orc_4
D:13:     layout_stronghold, serial_glass, glass_columns_c, glass_columns_c,
          glass_columns_b, glass_columns_a, uniq_azrael
Temple:   dpeg_five_rooms_temple
Lair:1:   layout_cave_pods, serial_bayou_lake_a
Lair:2:   layout_gridlike
Lair:3:   layout_loops_ring, dummy_snake_entry
Lair:4:   layout_loops_ring, minmay_swamp_entry_worms
Lair:5:   layout_small_grid, slime_altar_1, grunt_megastairs_1,
          infiniplex_staircase_pool
Lair:6:   due_jungle_book, layout_misc_corridors, serial_bayou_pond_a,
          minivault_23, serial_bayou_shore_a

Skill      XL: |  1  2  3  4  5  6  7  8  9 10 11 12 13 14 |
---------------+-------------------------------------------+-----
Stealth        | 5 6 7 8 9 12 13 15 | 15.2
Short Blades   | 2 3 4 5 8 9 10 | 10.0
Spellcasting   | 4 6 |  6.0
Hexes          | 6 8 9 10 | 10.0
Fighting       | 1 3 4 6 |  6.5
Dodging        | 8 10 14 15 | 15.0
Ice Magic      | 2 4 5 |  5.0
Necromancy     | 1 5 11 12 | 12.9
Evocations     | 2 |  2.4

Action                   |  1- 3 |  4- 6 |  7- 9 | 10-12 | 13-15 || total
-------------------------+-------+-------+-------+-------+-------++-------
Melee: Dagger            |   124 |   104 |   287 |    11 |   192 ||   718
       Short sword       |       |       |       |   577 |   738 ||  1315
Throw: Dart              |       |       |       |       |     8 ||     8
 Cast: Corona            |     1 |       |       |       |     1 ||     2
       Ensorcelled Hiber |    18 |    19 |    29 |   146 |   142 ||   354
       Shock             |       |       |       |       |     9 ||     9
       Sting             |       |       |       |       |     3 ||     3
Invok: Brand Weapon With |       |       |       |       |     1 ||     1
Evoke: Wand              |       |       |     2 |     8 |     5 ||    15
  Use: Potion            |       |     3 |     1 |       |     3 ||     7
       Scroll            |       |       |     8 |    12 |    13 ||    33
 Stab: Distracted        |     1 |       |       |     4 |     2 ||     7
       Sleeping          |    15 |    16 |    34 |    98 |   109 ||   272
       Paralysed         |       |       |     1 |     2 |       ||     3
  Eat: Ration            |     1 |     2 |     2 |     4 |     4 ||    13
Armor: Robe              |    11 |     3 |    11 |     2 |       ||    27
       Troll leather arm |       |       |       |    47 |    33 ||    80
Dodge: Dodged            |    84 |    49 |   206 |   565 |   561 ||  1465
Block: Buckler           |       |       |       |       |   180 ||   180
